 Dungeon Crawl Stone Soup version 0.25-a0-1024-gbfbf38f2cb (webtiles) character file.

Game seed: 5280287983500765787, levelgen mode: deterministic

865 Flugslaktarn the Chopper (level 8, 0/54 HPs)
             Began as an Octopode Fighter on May 12, 2020.
             Was a Priest of Cheibriados.
             Slain by a killer bee zombie (4 damage)
             ... on level 6 of the Dungeon.
             The game lasted 00:02:45 (4870 turns).

Flugslaktarn the Chopper (Octopode Fighter)         Turns: 4870, Time: 00:02:45

Health: 0/54       AC:  1    Str: 23    XL:     8   Next: 3%
Magic:  10/10      EV: 14    Int: 20    God:    Cheibriados [***...]
Gold:   310        SH: 11    Dex: 20    Spells: 7/7 levels left

rFire    . . .     SeeInvis .   l - +6 mace "Xoghed" {drain, rElec Int+3}
rCold    . . .     Gourm    .   b - +0 kite shield
rNeg     . . .     Faith    .   (helmet restricted)
rPois    .         Spirit   .   (no amulet)
rElec    +         Reflect  .   (no ring)
rCorr    .         Harm     .   (no ring)
MR       .....                  (no ring)
Stlth    +++.......             (no ring)
HPRegen  0.18/turn              (no ring)
MPRegen  0.12/turn              (no ring)
                                (no ring)
                                (no ring)

@: very slow
A: almost no armour, stealthy swim, amphibious, 8 rings, constrict 8, camouflage
1, gelatinous body 1
a: Bend Time, Temporal Distortion, Renounce Religion


You were on level 6 of the Dungeon.
You worshipped Cheibriados.
Cheibriados was most pleased with you.
You were not hungry.

You visited 1 branch of the dungeon, and saw 6 of its levels.

You collected 310 gold pieces.

Inventory:

Hand Weapons
 a - a +1 war axe
 l - the +6 mace "Xoghed" (weapon) {drain, rElec Int+3}
   (You found it on level 4 of the Dungeon)

   A truly terrible weapon, it drains the life of those it strikes.
   It affects your intelligence (+3).
   It insulates you from electricity.
Armour
 b - a +0 kite shield (worn)
Jewellery
 o - an uncursed ring of magical power {unknown}
   (You found it on level 5 of the Dungeon)
Scrolls
 p - a scroll of fear {unknown}
 r - 3 scrolls of identify
 s - a scroll of amnesia {unknown}
 t - 4 scrolls of teleportation
 x - 3 scrolls of remove curse
Potions
 d - a potion of might
 e - a potion of degeneration
 f - a potion of mutation
 g - a potion of curing {unknown}
 h - a potion of berserk rage {unknown}
 i - 2 potions of brilliance
 j - 4 potions of flight
 k - 2 potions of cancellation {unknown}
 m - a potion of ambrosia {unknown}
 n - 2 potions of lignification
 w - 2 potions of heal wounds
Comestibles
 c - 6 rations


   Skills:
 + Level 4.5 Fighting
 * Level 5.5 Axes
 + Level 4.6 Dodging
 + Level 4.7 Shields
 + Level 3.2 Invocations


You had 7 spell levels left.
You didn't know any spells.
Your spell library was empty.

Dungeon Overview and Level Annotations

Branches:
Dungeon (6/15)             Temple (0/1) D:5

Altars:
Cheibriados
Nemelex Xobeh
Okawaru
Qazlal
Uskayaw
Wu Jian
Zin

Shops:
D:4 %

Annotations:
D:6 1 runed translucent door, exclusion: Sigmund, Crazy Yiuf


Innate Abilities, Weirdness & Mutations

You cannot wear most types of armour.
You are very stealthy in the water. (Stealth+)
You are amphibious.
You can wear up to eight rings at the same time.
You can use your tentacles to constrict eight enemies at once.
Your skin changes colour to match your surroundings (Stealth+).
Your rubbery body absorbs attacks. (AC +1, EV +1)


Message History

You kill the jackal!
Cheibriados appreciates the change of pace.
The killer bee zombie hits you! The killer bee zombie hits you.
The ogre hits you with a +0 giant club!!
You barely miss the ogre. You squeeze the ogre, but do no damage.
You block the killer bee zombie's attack.
The killer bee zombie hits you.
* * * LOW HITPOINT WARNING * * *
The ogre closely misses you.
You are too injured to fight recklessly!
You are too injured to fight recklessly!
You are too injured to fight recklessly!
You are too injured to fight recklessly!
The killer bee zombie misses you.
You block the killer bee zombie's attack.
The killer bee zombie hits you!
* * * LOW HITPOINT WARNING * * *
You block the killer bee zombie's attack.
The killer bee zombie hits you.
You die...

....#########
#####......... ..
##.....#.......#..#####
#().................[>
...............##..##
...............#@# .###
......(........#Z##...
..<............#O#..# #
........)......#†#.# .#
......<..........†.##.###.
#.........................
##........................
####.....................
#.......................


You could see an ogre and a killer bee zombie.

Vanquished Creatures
  Sigmund (D:6)
  A black bear (D:6)
  A bullfrog (D:4)
  A wyvern skeleton (D:6)
  2 howler monkeys (D:5)
  A centaur zombie (D:5)
  An orc wizard (D:3)
  A bullfrog skeleton (D:5)
  3 worker ants
  A worker ant zombie (D:6)
  4 gnolls
  10 adders
  3 worms
  3 dart slugs
  5 leopard geckos
  4 orcs (D:3)
  A ball python (D:2)
  14 giant cockroaches
  7 goblins
  10 hobgoblins
  6 jackals
  9 bats
  5 frilled lizards
  7 kobolds
  10 rats
111 creatures vanquished.

Notes
Turn   | Place    | Note
-------+----------+-------------------------------------------
     0 | D:1      | Flugslaktarn the Octopode Fighter began the quest for the
                  | Orb.
     0 | D:1      | Reached XP level 1. HP: 16/16 MP: 1/1
   218 | D:1      | Reached XP level 2. HP: 21/21 MP: 2/2
  1089 | D:1      | Reached XP level 3. HP: 24/26 MP: 3/3
  1401 | D:2      | Found a snail-covered altar of Cheibriados.
  1415 | D:2      | Became a worshipper of Cheibriados the Contemplative
  1657 | D:2      | Reached skill level 3 in Axes
  1657 | D:2      | Reached XP level 4. HP: 21/31 MP: 4/4
  1782 | D:2      | Reached * piety under Cheibriados
  2145 | D:3      | Reached ** piety under Cheibriados
  2178 | D:3      | Found a stormy altar of Qazlal.
  2309 | D:3      | Reached skill level 1 in Invocations
  2309 | D:3      | Reached XP level 5. HP: 31/36 MP: 5/5
  2819 | D:4      | Found a glowing silver altar of Zin.
  2819 | D:4      | Found a sparkling altar of Nemelex Xobeh.
  2819 | D:4      | Found an iron altar of Okawaru.
  3013 | D:4      | Found Ycylum's Food Shop.
  3136 | D:4      | Found an ornate altar of the Wu Jian Council.
  3281 | D:4      | Reached skill level 4 in Axes
  3281 | D:4      | Reached XP level 6. HP: 43/43 MP: 7/7
  3311 | D:4      | Got a warped mace
  3312 | D:4      | Identified the +6 mace "Xoghed" {drain, rElec Int+3} (You
                  | found it on level 4 of the Dungeon)
  3378 | D:5      | Entered Level 5 of the Dungeon
  3448 | D:5      | Noticed a +0 dagger
  3449 | D:5      | Noticed a +0 hand axe
  3450 | D:5      | Found a hide-covered altar of Uskayaw.
  3832 | D:5      | Found a staircase to the Ecumenical Temple.
  3953 | D:5      | Reached XP level 7. HP: 31/48 MP: 8/8
  4556 | D:6      | Noticed Sigmund
  4589 | D:6      | Reached *** piety under Cheibriados
  4589 | D:6      | Reached skill level 5 in Axes
  4634 | D:6      | Killed Sigmund
  4803 | D:6      | Found a runed translucent door.
  4804 | D:6      | Noticed Crazy Yiuf
  4840 | D:6      | Reached XP level 8. HP: 54/54 MP: 10/10
  4870 | D:6      | Slain by a killer bee zombie

Illustrated notes

Levels and vault maps discovered:
D:1:      kennysheep_arrival_forest, layout_basic
D:2:      minmay_roachtagon, layout_rooms, kennysheep_slug_shrine
D:3:      layout_basic, nicolae_qazlal_general_emergency,
          minmay_stone_trees_small
D:4:      layout_basic, lemuel_coloured_pillars_altar,
          chequers_temple_overflow_statue_of_worship, serial_shops, shop_statue,
          first_ration, serial_bayou_crossing
D:5:      layout_basic, dancing_weapons_uskayaw, temple_pool_b
D:6:      layout_rooms, overflow_temple_1_default,
          nicolae_ossuary_entry_false_entrances, wad_floor_pattern_untrapped,
          lemuel_another_geyser, uniq_crazy_yiuf_cottage, uniq_sigmund

Skill      XL: |  1  2  3  4  5  6  7 |
---------------+----------------------+-----
Axes           | 3 4 5 |  5.5
Invocations    | 1 2 3 |  3.2
Dodging        | 4 |  4.6
Shields        | 4 |  4.7
Fighting       | 4 |  4.5

Action                   |  1- 3 |  4- 6 |  7- 9 || total
-------------------------+-------+-------+-------++-------
Melee: War axe           |    68 |    66 |       ||   134
       Constrict         |    14 |    31 |     8 ||    53
       Tentacles         |     9 |    20 |     8 ||    37
       Mace              |       |    23 |    33 ||    56
  Use: Scroll            |       |    10 |       ||    10
       Potion            |       |       |     2 ||     2
 Stab: Sleeping          |    11 |     8 |       ||    19
  Eat: Chunk             |     2 |     4 |     1 ||     7
Armor: Skin              |     3 |     8 |    14 ||    25
Dodge: Dodged            |    30 |    43 |    33 ||   106
Block: Kite shield       |    19 |    45 |    25 ||    89

Table legend:
 A = Non-vault XP
 B = Vault XP
 C = Vault XP percentage of total XP
 D = Non-vault monster count
 E = Vault monster count
 F = Vault count percentage of total count
                 A         B        C        D         E       F
            +---------+---------+-------+---------+---------+-------
      Total |     976 |     260 |  21.0 |     102 |       9 |   8.1
            +---------+---------+-------+---------+---------+-------
        D:1 |      42 |       0 |   0.0 |      28 |       0 |   0.0
        D:2 |      62 |      18 |  22.5 |      24 |       8 |  25.0
        D:3 |     124 |       0 |   0.0 |      21 |       0 |   0.0
        D:4 |     143 |       0 |   0.0 |       5 |       0 |   0.0
        D:5 |     310 |       0 |   0.0 |      13 |       0 |   0.0
        D:6 |     295 |     242 |  45.1 |      11 |       1 |   8.3
            +---------+---------+-------+---------+---------+-------
